[Event "Team 45 45 League T64"]
[Site "Internet Chess Club"]
[Date "2015.03.22"]
[Round "3"]
[White "SAC2001"]
[Black "RubberDuck"]
[Result "0-1"]
[WhiteElo "1769"]
[BlackElo "1896"]
[Opening "Sicilian: dragon, Yugoslav attack, 10.O-O-O"]
[ECO "B78"]
[Time "12:00:54"]
[TimeControl "2700+45"]

1. e4 c5 2. Nf3 d6 3. d4 cxd4 4. Nxd4 Nf6 5. Nc3 g6 6. Be3 Bg7 7. f3 O-O 8. Qd2
Bd7 9. Bc4 Nc6 10. O-O-O a6 11. g4 Ne5 12. Bb3 Rc8 13. h4 h5 14. g5 Ne8 15. Rhg1
Nc4 16. Bxc4 Rxc4 17. f4 b5 18. Kb1 Bg4 19. Rde1 Nc7 20. b3 Rc5 21. Nde2 b4 22.
Na4 Rb5 23. Nd4 Rb7 24. Nb2 Qd7 25. Nd3 a5 26. Nb2 Rc8 27. Ref1 Nb5 28. Na4 Na3+
29. Kb2 e5 30. Rc1 Nc4+ 31. bxc4 exd4 32. Bxd4 Bxd4+ 33. Qxd4 Qxa4 34. Rge1 Be6
35. Qxd6 Bxc4 36. Ra1 Be6 37. Re2 Rbc7 38. Qd1 Bg4 {White resigns} 0-1

[Event "Team 45 45 League T64"]
[Site "Internet Chess Club"]
[Date "2015.03.23"]
[Round "3"]
[White "LiangLiang"]
[Black "jonesey"]
[Result "1/2-1/2"]
[WhiteElo "1934"]
[BlackElo "1858"]
[Opening "Ruy Lopez: closed, 7...O-O"]
[ECO "C88"]
[Time "18:01:16"]
[TimeControl "2700+45"]

1. e4 e5 2. Nf3 Nc6 3. Bb5 a6 4. Ba4 Nf6 5. O-O Be7 6. Re1 b5 7. Bb3 O-O 8. h3
Bb7 9. c3 d5 10. exd5 Nxd5 11. d3 Qd6 12. d4 exd4 13. Nxd4 Nxd4 14. Qxd4 Bf6 15.
Qd1 Rfe8 16. Na3 Nxc3 17. bxc3 Bxc3 18. Rxe8+ Rxe8 19. Qxd6 Re1+ 20. Kh2 cxd6
21. Rb1 Be5+ 22. f4 Re2 23. fxe5 Rxg2+ 24. Kh1 Rg3+ {Game drawn by mutual
agreement} 1/2-1/2

[Event "Team 45 45 League T64"]
[Site "Internet Chess Club"]
[Date "2015.03.23"]
[Round "3"]
[White "Innes"]
[Black "gyu123987kool"]
[Result "1-0"]
[WhiteElo "1660"]
[BlackElo "1699"]
[Opening "Giuoco Piano"]
[ECO "C50"]
[Time "18:33:19"]
[TimeControl "2700+45"]

1. e4 e5 2. Nf3 Nc6 3. Bc4 Bc5 4. d4 exd4 5. c3 Nf6 6. cxd4 Bb4+ 7. Bd2 Bxd2+ 8.
Nbxd2 d5 9. exd5 Nxd5 10. O-O O-O 11. Re1 Bg4 12. Qc2 Nb6 13. Bd3 h6 14. Re4 Bf5
15. Rh4 Nb4 16. Qc5 Nxd3 17. Qxf5 Nxb2 18. Ne4 N2c4 19. Rxh6 g6 20. Nf6+ {Black
resigns} 1-0

[Event "Team 45 45 League T64"]
[Site "Internet Chess Club"]
[Date "2015.03.21"]
[Round "3"]
[White "qs16"]
[Black "bobhill"]
[Result "0-1"]
[WhiteElo "1811"]
[BlackElo "1907"]
[Opening "Queen's pawn: stonewall attack"]
[ECO "D00"]
[Time "09:02:25"]
[TimeControl "2700+45"]

1. d4 d5 2. e3 Nf6 3. Bd3 c6 4. Nd2 Bg4 5. Ne2 Nbd7 6. h3 Bh5 7. O-O e5 8. c4 e4
9. Bc2 Bd6 10. Qe1 O-O 11. Ng3 Rc8 12. Nxh5 Nxh5 13. f4 f5 14. Bd1 g6 15. Bxh5
gxh5 16. b3 Kh8 17. a4 Rg8 18. Ba3 Bc7 19. Rc1 h4 20. Rf2 Rg6 21. Nf1 Nf6 22.
Qb4 Nh5 23. cxd5 Bd6 24. Qxb7 Bxa3 25. Rxc6 Rcxc6 26. dxc6 Rg7 27. Rc2 Bd6 28.
Qb5 Qc8 29. Qd5 Bc7 30. b4 Nf6 31. Qc4 Ne8 32. d5 Nd6 33. Qd4 Qa6 34. b5 Qa5 35.
Qf6 Kg8 36. Rc1 Qxa4 37. Ra1 Qc2 38. g4 hxg3 39. Qh4 Qf2+ {White resigns} 0-1

[Event "Team 45 45 League T64"]
[Site "Internet Chess Club"]
[Date "2015.03.24"]
[Round "3"]
[White "chess2009"]
[Black "Undecided"]
[Result "0-1"]
[WhiteElo "1728"]
[BlackElo "1630"]
[Opening "Sicilian defense"]
[ECO "B30"]
[Time "22:00:16"]
[TimeControl "2700+45"]

1. e4 c5 2. Nf3 Nc6 3. Nc3 d6 4. Bb5 e5 5. d3 Nf6 6. Nd5 Nxd5 7. exd5 Qa5+ 8.
Bd2 Qxb5 9. dxc6 Qxc6 10. O-O Be7 11. c4 O-O 12. Re1 Be6 13. a4 f5 14. b4 f4 15.
Rb1 Rab8 16. Qe2 cxb4 17. Bxb4 Qd7 18. d4 Bf5 19. Rb2 e4 20. Nd2 Rfe8 21. Nxe4
d5 22. Bxe7 Qxe7 23. Nc3 Qf7 24. Qd2 dxc4 25. Rxe8+ Qxe8 26. h3 f3 27. Qf4 Bd3
28. gxf3 Qe1+ 29. Kh2 Rf8 30. Qd2 Qxd2 31. Rxd2 Rxf3 32. Nb5 a6 33. Kg2 Be4 34.
Re2 Re3+ 35. Kf1 Rxe2 36. Kxe2 axb5 37. axb5 Kf7 38. Kd2 Ke6 39. Kc3 Kd5 40. f4
g6 41. h4 h5 42. b6 Bf5 43. Kb4 Kxd4 44. Ka3 Kd3 45. Kb2 Kd2 46. Ka3 c3 47. Kb4
c2 48. Kc5 c1=Q+ 49. Kd4 Qc6 50. Ke5 Qxb6 51. Kd5 Kd3 52. Ke5 Qe6# {White
checkmated} 0-1

[Event "Team 45 45 League T64"]
[Site "Internet Chess Club"]
[Date "2015.03.22"]
[Round "3"]
[White "cityprosecutor"]
[Black "Beetlejuice"]
[Result "1-0"]
[WhiteElo "1802"]
[BlackElo "1807"]
[Opening "Sicilian defense"]
[ECO "B20"]
[Time "07:07:31"]
[TimeControl "2700+45"]

1. e4 c5 2. d3 Nc6 3. g3 g6 4. f4 Bg7 5. c3 d6 6. Bg2 Nf6 7. Nf3 O-O 8. O-O Bg4
9. h3 Bxf3 10. Qxf3 Rc8 11. a4 a6 12. Be3 Nd7 13. Na3 e6 14. g4 f5 15. Qg3 Qe7
16. g5 Kh8 17. Bf3 Nb6 18. Nc2 Rce8 19. Rf2 Qd7 20. h4 Rg8 21. h5 gxh5 22. Bxh5
Re7 23. Rh2 Bf8 24. Kf2 fxe4 25. dxe4 Nc4 26. Rah1 Nxb2 27. g6 Nxa4 28. Be2 Nxc3
29. Bd3 Reg7 30. e5 d5 31. Qh4 {Black resigns} 1-0

[Event "Team 45 45 League T64"]
[Site "Internet Chess Club"]
[Date "2015.03.21"]
[Round "3"]
[White "chess9793"]
[Black "TileGuy"]
[Result "1/2-1/2"]
[WhiteElo "2051"]
[BlackElo "1817"]
[Opening "Sicilian: dragon, classical, 8.O-O"]
[ECO "B73"]
[Time "22:12:57"]
[TimeControl "2700+45"]

1. e4 c5 2. Nf3 d6 3. d4 cxd4 4. Nxd4 Nf6 5. Nc3 g6 6. Be2 Bg7 7. Be3 Nc6 8. O-O
O-O 9. f3 Bd7 10. Qd2 Rc8 11. Rac1 Ne5 12. Rfd1 Qa5 13. Nb3 Qc7 14. Bh6 Nc4 15.
Bxc4 Qxc4 16. Bxg7 Kxg7 17. Qe3 Qa6 18. e5 dxe5 19. Qxe5 Be6 20. Nc5 Qc6 21.
Nxe6+ Qxe6 22. Qxe6 fxe6 23. Rd4 Rcd8 24. Rcd1 Rxd4 25. Rxd4 Kf7 26. Kf2 e5 27.
Rb4 b6 28. Ke3 Rd8 29. Rb5 Ke6 30. Rb3 Nd5+ 31. Nxd5 Rxd5 32. Rc3 Kd7 33. Ke4
Ke6 34. Rc7 Rd2 35. Rxa7 Rxc2 36. b3 Kd6 37. Ra6 Kc6 38. Kxe5 Rxg2 39. h4 Kb7
40. Ra4 b5 41. Rb4 Kc6 42. a4 bxa4 43. bxa4 Re2+ 44. Kf4 e5+ 45. Kg4 Re3 46. Re4
Ra3 47. Rxe5 Rxa4+ 48. f4 Kd6 49. Re8 Ra7 50. Kg5 Rf7 51. Re5 Re7 52. Rxe7 Kxe7
53. Kh6 Kf6 54. Kxh7 Kf7 55. Kh6 Kf6 56. Kh7 Kf7 {Game drawn by mutual
agreement} 1/2-1/2

[Event "Team 45 45 League T64"]
[Site "Internet Chess Club"]
[Date "2015.03.22"]
[Round "3"]
[White "PuzzleMaster"]
[Black "JefferyChess"]
[Result "1-0"]
[WhiteElo "1952"]
[BlackElo "1758"]
[Opening "Scotch game"]
[ECO "C45"]
[Time "12:06:02"]
[TimeControl "2700+45"]

1. e4 e5 2. Nf3 Nc6 3. d4 exd4 4. Nxd4 Bc5 5. Nxc6 Qf6 6. Qf3 dxc6 7. Qxf6 Nxf6
8. f3 Be6 9. Nd2 O-O-O 10. Nb3 Bb6 11. Bd2 Nd7 12. Bc3 Nf6 13. Bd3 c5 14. Nd2 c6
15. a4 Bc7 16. O-O Bf4 17. Rfd1 Be3+ 18. Kf1 Bd4 19. a5 Bxc3 20. bxc3 Kc7 21.
Kf2 Rhe8 22. Nc4 Re7 23. Ne3 Red7 24. Rdb1 g6 25. Rb2 h5 26. Rab1 Rb8 27. h4 b5
28. axb6+ axb6 29. c4 Rdd8 30. Kg3 Nd7 31. f4 Nf6 32. e5 Ng4 33. Nxg4 Bxg4 34.
Kf2 Rd4 35. g3 Be6 36. Be2 Bxc4 37. c3 Re4 38. Bf3 Bd5 39. Bxe4 Bxe4 40. Ra1 Bd5
41. Ra7+ Rb7 42. Ra8 b5 43. Ke3 b4 44. Ra5 b3 45. Rxc5 Kb6 46. Rxd5 cxd5 47.
Rxb3+ Kc6 48. Rxb7 Kxb7 49. Kf3 Kc6 50. g4 Kc5 51. gxh5 gxh5 52. f5 Kc6 53. Ke3
Kc5 54. Kd3 Kb6 55. Kd4 Kc6 56. f6 Kc7 57. Kxd5 Kd7 58. c4 Kc7 59. e6 {Black
resigns} 1-0

[Event "Team 45 45 League T64"]
[Site "Internet Chess Club"]
[Date "2015.03.20"]
[Round "3"]
[White "hood"]
[Black "nikenwidiartto"]
[Result "0-1"]
[WhiteElo "1963"]
[BlackElo "2060"]
[Opening "Scandinavian defense"]
[ECO "B01"]
[Time "22:23:21"]
[TimeControl "2700+45"]

1. e4 d5 2. exd5 Nf6 3. d4 Bg4 4. f3 Bf5 5. c4 e6 6. dxe6 Nc6 7. Be3 Qe7 8. a3
O-O-O 9. Nc3 Qxe6 10. Kf2 Nxd4 11. Bxd4 c5 12. Qe2 cxd4 13. Qxe6+ Bxe6 14. Ne4
Nxe4+ 15. fxe4 d3 16. b3 Bc5+ 17. Ke1 d2+ 18. Kd1 Rhe8 19. Nf3 Bg4 20. Be2 Rxe4
21. h3 Rde8 22. Bd3 Bxf3+ 23. gxf3 Re3 24. Be4 Rxb3 25. Kxd2 Rxa3 26. Rxa3 Bxa3
27. Rb1 b6 28. Bd5 Re7 29. Rb3 Bc5 30. Rb2 a5 31. Kd1 f6 32. Re2 Kd7 33. Rxe7+
Kxe7 34. Bc6 Kd6 35. Bb5 Ke5 36. Ke2 Kf4 37. Bc6 Kg3 38. Bd7 g6 {White resigns}
0-1

[Event "Team 45 45 League T64"]
[Site "Internet Chess Club"]
[Date "2015.03.21"]
[Round "3"]
[White "fishhead"]
[Black "SAC2001"]
[Result "1-0"]
[WhiteElo "1826"]
[BlackElo "1780"]
[Opening "Ruy Lopez: closed, Chigorin, 12...c5d4"]
[ECO "C99"]
[Time "19:00:28"]
[TimeControl "2700+45"]

1. e4 e5 2. Nf3 Nc6 3. Bb5 a6 4. Ba4 Nf6 5. O-O b5 6. Bb3 Be7 7. Re1 d6 8. c3
O-O 9. h3 Na5 10. Bc2 c5 11. d4 Qc7 12. Nbd2 cxd4 13. cxd4 Nc6 14. Nf1 exd4 15.
Bf4 Nh5 16. Bh2 f6 17. g4 Ne5 18. Nxd4 Qd7 19. Nf5 g6 20. Nxe7+ Qxe7 21. gxh5
Bxh3 22. Re3 Bg4 23. f3 Bxh5 24. Kg2 g5 25. Qd4 Rac8 26. Bb3+ Kh8 27. Rd1 Rfd8
28. Ng3 Bg6 29. Nf5 Bxf5 30. exf5 Qg7 31. Bxe5 fxe5 32. Qg4 Qf6 33. Red3 h6 34.
Be6 Rc7 35. Qh5 Rc2+ 36. Kg3 Rxb2 37. Rxd6 Rf8 38. Bd7 Qe7 39. Rxh6+ {Black
resigns} 1-0

[Event "Team 45 45 League T64"]
[Site "Internet Chess Club"]
[Date "2015.03.22"]
[Round "3"]
[White "f5"]
[Black "Monterrey"]
[Result "1-0"]
[WhiteElo "2071"]
[BlackElo "2035"]
[Opening "King's Indian: Four pawns attack"]
[ECO "A68"]
[Time "19:00:28"]
[TimeControl "2700+45"]

1. d4 Nf6 2. c4 g6 3. Nc3 Bg7 4. e4 d6 5. f4 c5 6. d5 O-O 7. Nf3 e6 8. Be2 exd5
9. cxd5 Bg4 10. O-O Bxf3 11. gxf3 Nbd7 12. Kh1 a6 13. a4 Nh5 14. Rg1 f5 15. Qf1
Qh4 16. exf5 Rxf5 17. Bd3 Rf7 18. Ne4 Rxf4 19. Bxf4 Qxf4 20. Ng5 Be5 21. Qh3 Kh8
22. Nxh7 Qxh2+ 23. Qxh2 Bxh2 24. Kxh2 Kxh7 25. Bxg6+ Kh6 26. Bxh5 Kxh5 27. Rg7
Ne5 28. f4 Kh6 29. Rg3 Ng6 30. f5 Nf4 31. Rh1 Re8 32. Kg1+ {Black resigns} 1-0

[Event "Team 45 45 League T64"]
[Site "Internet Chess Club"]
[Date "2015.03.23"]
[Round "3"]
[White "kidcobra"]
[Black "primerpaso"]
[Result "0-1"]
[WhiteElo "1709"]
[BlackElo "1864"]
[Opening "Sicilian: Najdorf, Byrne (English) attack"]
[ECO "B90"]
[Time "19:14:24"]
[TimeControl "2700+45"]

1. e4 c5 2. Nf3 d6 3. d4 cxd4 4. Nxd4 Nf6 5. Nc3 a6 6. Be3 e5 7. Nb3 Be6 8. Bd3
Nbd7 9. f3 Qc7 10. Qe2 Be7 11. O-O Nb6 12. Nd2 d5 13. exd5 Nfxd5 14. Nxd5 Nxd5
15. Kh1 O-O 16. g3 Rae8 17. Nb3 f5 18. Bf2 Bd6 19. Rad1 Nf6 20. Qd2 Rd8 21. Rde1
e4 22. fxe4 fxe4 23. Bxe4 Nxe4 24. Rxe4 Qc6 25. Qe3 Bd5 26. Nd2 Rde8 27. Re1
Bxe4+ 28. Nxe4 Rxe4 29. Qxe4 Qxe4+ 30. Rxe4 Rxf2 31. Re6 Bc5 32. Re8+ Kf7 33.
Rc8 b6 34. Rc7+ Kf6 35. Rc6+ Kg5 36. Rc7 Kh6 37. Rc6+ g6 38. b4 Be3 39. Rc3 Re2
40. a4 Kg5 41. a5 bxa5 42. bxa5 Kg4 43. Rc4+ Kf3 44. h3 Kxg3 45. Rg4+ Kxh3 46.
Rh4+ Kxh4 47. c4 Kh3 48. c5 Re1# {White checkmated} 0-1

[Event "Team 45 45 League T64"]
[Site "Internet Chess Club"]
[Date "2015.03.23"]
[Round "3"]
[White "Zhbugnoimt"]
[Black "Justi"]
[Result "1-0"]
[WhiteElo "1996"]
[BlackElo "2001"]
[Opening "Sicilian: Najdorf, 6...e6"]
[ECO "B95"]
[Time "17:07:29"]
[TimeControl "2700+45"]

1. e4 c5 2. Nf3 d6 3. d4 cxd4 4. Nxd4 Nf6 5. Nc3 a6 6. Bg5 e6 7. Qd2 Be7 8. f4
h6 9. Bxf6 Bxf6 10. O-O-O Qc7 11. Kb1 Be7 12. Be2 Nc6 13. Nb3 Bd7 14. Rhe1 O-O
15. Bf3 Rfe8 16. e5 d5 17. Bxd5 exd5 18. Nxd5 Qd8 19. Qf2 Rc8 20. Nb6 Rc7 21. f5
Bb4 22. c3 Rxe5 23. Rxe5 Nxe5 24. Nxd7 Rxd7 25. Rxd7 Qxd7 26. cxb4 Qd3+ 27. Qc2
Qf1+ 28. Nc1 f6 29. a3 Kh7 30. Ka2 b5 31. Nb3 Nd3 32. Qc6 Qxf5 33. Nd4 Qf2 34.
Qe4+ g6 35. Qxd3 Qxg2 36. Ne6 Qb7 37. Nf8+ Kg7 38. Qd7+ Qxd7 39. Nxd7 f5 40. Kb3
g5 41. Kc3 g4 42. Kd3 f4 43. Ke2 h5 44. Nc5 Kf6 45. Nxa6 h4 46. Kf2 Ke5 47. Nc5
Kd5 48. b3 Kd4 49. a4 bxa4 50. bxa4 Kc4 51. a5 Kb5 52. Nd3 Ka6 53. Nxf4 Kb5 54.
Ng2 {Black resigns} 1-0

[Event "Team 45 45 League T64"]
[Site "Internet Chess Club"]
[Date "2015.03.24"]
[Round "3"]
[White "Knight77"]
[Black "Percival"]
[Result "0-1"]
[WhiteElo "1701"]
[BlackElo "2135"]
[Opening "Réti opening"]
[ECO "A04"]
[Time "23:45:29"]
[TimeControl "2700+45"]

1. Nf3 d6 2. g3 e5 3. d3 Ne7 4. Bg2 g6 5. O-O Bg7 6. Nbd2 O-O 7. e4 c5 8. h3
Nbc6 9. Re1 h6 10. Nf1 Be6 11. g4 f5 12. exf5 gxf5 13. gxf5 Nxf5 14. Bf4 Qf6 15.
Bh2 Nh4 16. Nxh4 Qxf2+ 17. Kh1 Qxh4 18. Re4 Qe7 19. Qh5 Rf5 20. Qe2 Raf8 21. Ne3
Rf2 22. Qh5 Nd4 23. Ng4 Rxc2 24. Nxh6+ Bxh6 25. Qxh6 Qg7 26. Qxg7+ Kxg7 27. Rg1
Rff2 28. Bg3 Rxg2 29. Rxg2 Rxg2 30. Kxg2 Bd5 31. Kf2 Bxe4 32. dxe4 b5 33. Bh4
Kf7 34. Ke3 Ne6 35. Bg3 c4 36. h4 Kg6 37. Be1 Kh5 38. Bb4 Nc5 39. b3 cxb3 40.
axb3 Kxh4 41. Be1+ Kg5 42. b4 Nd7 43. Bc3 Kg4 44. Be1 Nb6 45. Bc3 Nc4+ 46. Kd3
Kf3 47. Be1 Nb2+ 48. Kc2 Ke2 49. Bh4 Nc4 50. Be7 Ke3 {White resigns} 0-1

[Event "Team 45 45 League T64"]
[Site "Internet Chess Club"]
[Date "2015.03.20"]
[Round "3"]
[White "justinchess"]
[Black "NFork"]
[Result "1-0"]
[WhiteElo "2353"]
[BlackElo "2182"]
[Opening "Scandinavian: Pytel-Wade variation"]
[ECO "B01"]
[Time "16:11:18"]
[TimeControl "2700+45"]

1. e4 d5 2. exd5 Qxd5 3. Nc3 Qd6 4. d4 Nf6 5. Nf3 c6 6. Bd3 Bg4 7. Be3 Nbd7 8.
h3 Bh5 9. Qe2 e6 10. O-O-O Be7 11. g4 Bg6 12. Bxg6 hxg6 13. Kb1 O-O-O 14. Ng5
Rhf8 15. Nce4 Qc7 16. f3 Nd5 17. Bf2 Nf4 18. Qe1 f6 19. Nxe6 Nxe6 20. Nd2 Nxd4
21. Qxe7 Ne5 22. Qa3 Nb5 23. Qe3 Rfe8 24. Ne4 b6 25. a4 Nc4 26. Qb3 Nbd6 27.
Nxd6+ Nxd6 28. Bg3 Rd7 29. Rd4 c5 30. Rd2 Qc6 31. Rhd1 Red8 32. Qe6 Kc7 33. Rxd6
Rxd6 34. Rxd6 Rxd6 35. Qe7+ {Black resigns} 1-0

[Event "Team 45 45 League T64"]
[Site "Internet Chess Club"]
[Date "2015.03.21"]
[Round "3"]
[White "Magnus87"]
[Black "Puffy"]
[Result "1/2-1/2"]
[WhiteElo "2113"]
[BlackElo "2204"]
[Opening "Queen's pawn"]
[ECO "A40"]
[Time "11:05:51"]
[TimeControl "2700+45"]

1. d4 e6 2. Nf3 c5 3. g3 b6 4. Bg2 Bb7 5. O-O cxd4 6. Qxd4 d6 7. Bg5 Qc7 8. Na3
a6 9. c4 Nd7 10. Rac1 h6 11. Be3 Ngf6 12. Rfd1 Be7 13. b4 O-O 14. Qb2 Rac8 15.
Bh3 Qb8 16. Nd4 Qa8 17. f3 Rfe8 18. Bf2 Bf8 19. Nb1 Rc7 20. Nd2 Rec8 21. a3 d5
22. cxd5 Rxc1 23. Rxc1 Bxd5 24. e4 Bb7 25. Nc4 Qb8 26. Ne2 Ba8 27. Be3 g5 28. g4
Rxc4 29. Rxc4 Ne5 30. Bf4 Nxc4 31. Bxb8 Nxb2 32. Be5 Nxe4 33. Bxb2 Nd2 34. f4
Nc4 35. Bc1 Be7 36. Bf1 b5 37. Kf2 gxf4 38. Nxf4 Bg5 39. a4 e5 40. axb5 axb5 41.
Bxc4 bxc4 42. Ne2 Bxc1 43. Nxc1 Kf8 44. Ne2 Ke7 45. Ng3 Kf6 46. Ke3 Kg5 47. Nf5
h5 48. Nd6 Bd5 49. gxh5 Kxh5 50. b5 Kg4 51. b6 f5 52. h3+ Kg5 53. Nxc4 f4+ 54.
Kf2 e4 55. Nd6 Kh4 56. b7 Bxb7 57. Nxb7 Kxh3 58. Nc5 {Game drawn by mutual
agreement} 1/2-1/2

[Event "Team 45 45 League T64"]
[Site "Internet Chess Club"]
[Date "2015.03.23"]
[Round "3"]
[White "JJ12"]
[Black "MeWantCookie"]
[Result "0-1"]
[WhiteElo "2054"]
[BlackElo "2114"]
[Opening "Owen defense"]
[ECO "B00"]
[Time "20:36:21"]
[TimeControl "2700+45"]

1. e4 b6 2. d4 Bb7 3. Nc3 e6 4. Be3 Bb4 5. f3 Nf6 6. Bd3 d5 7. e5 Nfd7 8. a3
Bxc3+ 9. bxc3 c5 10. Nh3 Nc6 11. O-O c4 12. Be2 Qe7 13. Qd2 O-O 14. f4 f6 15.
Rf3 Rae8 16. Rg3 Kh8 17. Nf2 f5 18. Rh3 g6 19. g4 Rg8 20. g5 Kg7 21. Qe1 Rh8 22.
Qf1 h5 23. gxh6+ Rxh6 24. Rxh6 Kxh6 25. Nh3 Nf8 26. Ng5 Kg7 27. Qh3 Kg8 28. Bf2
Nh7 29. Bh4 Nxg5 30. Bxg5 Qh7 31. Qg3 Nb8 32. h4 Kf7 33. Kg2 Rg8 34. h5 Ke8 35.
Rh1 Kd7 36. hxg6 Qxg6 37. Bh5 Qg7 38. Kf2 Kc8 39. Qf3 Bc6 40. Bf6 Qf8 41. Ra1
Nd7 42. Bg5 Ba4 43. Qe2 Kb7 44. Bf3 Rh8 45. Bg2 Rh2 46. Kg3 Rh7 47. Qxc4 Bxc2
48. Qe2 Be4 49. Bxe4 fxe4 50. Qg4 Qc8 51. Rc1 Qc4 52. Qd1 Nf8 53. Qc2 Ng6 54. a4
Ne7 55. Bxe7 Rxe7 56. Kf2 Rf7 57. Ke3 Rh7 58. f5 Rh3+ 59. Kf4 Rf3+ 60. Kg5 Rxf5+
61. Kg4 Qc7 62. Qd2 Qg7+ {White resigns} 0-1

[Event "Team 45 45 League T64"]
[Site "Internet Chess Club"]
[Date "2015.03.20"]
[Round "3"]
[White "f5"]
[Black "Monterrey"]
[Result "1/2-1/2"]
[WhiteElo "2055"]
[BlackElo "2051"]
[Opening "French: Winawer, advance, poisoned pawn variation"]
[ECO "C18"]
[Time "19:02:16"]
[TimeControl "2700+45"]

1. e4 e6 2. d4 d5 3. Nc3 Bb4 4. e5 c5 5. a3 Bxc3+ 6. bxc3 Ne7 7. Qg4 O-O 8. Bd3
f5 9. exf6 Rxf6 10. Bg5 Rf7 11. Qh5 g6 12. Qd1 Nd7 13. Nf3 Qa5 14. Bd2 c4 15.
Be2 Nc6 16. O-O e5 17. dxe5 Ndxe5 18. Nd4 Ne7 19. Rb1 a6 20. Be1 Qxa3 21. f4
N5c6 22. Bf3 Qd6 23. Bg3 Qc5 24. Bf2 Qd6 25. g3 b5 26. Re1 Bd7 27. Ra1 Nxd4 28.
Qxd4 Be6 29. Qe5 Qxe5 30. Rxe5 Rf6 31. Rae1 Kf7 32. Bd4 Nc6 33. Rxd5 Nxd4 34.
Rxd4 Ra7 35. g4 h6 36. h4 Rd7 37. f5 Rxd4 38. cxd4 Bd7 39. fxg6+ Kxg6 40. Kg2
Rf4 41. c3 Rf6 42. Re7 Rd6 43. Kg3 b4 44. cxb4 Rxd4 45. Re3 Kf6 46. Rc3 Bb5 47.
Be2 Ke5 48. Kf2 Kf4 49. Rf3+ Ke5 50. Rf5+ Ke4 51. Rc5 Rd2 52. Ke1 Rb2 53. Bxc4
Rxb4 54. Bxb5 axb5 55. g5 hxg5 56. hxg5 Rb2 57. g6 Rg2 58. Rxb5 Rxg6 59. Kf2
{Game drawn by mutual agreement} 1/2-1/2

[Event "Team 45 45 League T64"]
[Site "Internet Chess Club"]
[Date "2015.03.22"]
[Round "3"]
[White "chamozolano"]
[Black "gump12345"]
[Result "1-0"]
[WhiteElo "2350"]
[BlackElo "2009"]
[Opening "King's Indian: East Indian defense"]
[ECO "A48"]
[Time "22:00:52"]
[TimeControl "2700+45"]

1. d4 Nf6 2. Nf3 g6 3. e3 Bg7 4. Be2 O-O 5. b4 d6 6. Bb2 Nbd7 7. O-O e5 8. c4 e4
9. Nfd2 Re8 10. Nc3 Nf8 11. Qc2 Bf5 12. Rfb1 h5 13. a4 Qd7 14. a5 a6 15. b5 h4
16. h3 N8h7 17. Bf1 Ng5 18. bxa6 bxa6 19. Nd5 Nxd5 20. cxd5 Bxh3 21. gxh3 Nxh3+
22. Bxh3 Qxh3 23. Qc4 Bh6 24. Qe2 Qf5 25. Rc1 Rab8 26. Ba3 Rb7 27. Rc2 h3 28.
Kh2 Qxd5 29. Qxa6 Reb8 30. Qc6 Qf5 31. Nxe4 Qxa5 32. Nf6+ Kg7 33. Nd7 Rb1 34.
Nxb8 Rxa1 35. Bb2 Rb1 36. d5+ Kh7 37. Bc3 {Black resigns} 1-0

[Event "Team 45 45 League T64"]
[Site "Internet Chess Club"]
[Date "2015.03.23"]
[Round "3"]
[White "xwang1"]
[Black "Pomberito"]
[Result "1-0"]
[WhiteElo "2009"]
[BlackElo "2052"]
[Opening "Ruy Lopez: closed, Chigorin defense"]
[ECO "C97"]
[Time "21:27:35"]
[TimeControl "2700+45"]

1. e4 e5 2. Nf3 Nc6 3. Bb5 a6 4. Ba4 Nf6 5. O-O Be7 6. Re1 b5 7. Bb3 d6 8. c3
O-O 9. h3 Na5 10. Bc2 c5 11. d4 Qc7 12. Nbd2 Rd8 13. d5 c4 14. Nf1 Nb7 15. Bd2
Nc5 16. b4 cxb3 17. axb3 Bd7 18. Qe2 Rdc8 19. Ra2 a5 20. Rea1 a4 21. b4 Na6 22.
Bd3 Qb7 23. Ne3 Nc7 24. c4 bxc4 25. Nxc4 Nb5 26. Na5 Qb6 27. Nc6 Bxc6 28. dxc6
Nd4 29. Nxd4 exd4 30. b5 a3 31. Rxa3 Rxa3 32. Rxa3 d5 33. Ra6 Qc5 34. exd5 Nxd5
35. Qg4 Rd8 36. Qe4 g6 37. Ra4 Nb6 38. Ra1 Bd6 39. Rc1 Qa3 40. c7 Rc8 41. Qxd4
Nd7 42. b6 Nxb6 43. Qxb6 Qxd3 44. Bc3 Bxc7 45. Qf6 {Black resigns} 1-0

[Event "Team 45 45 League T64"]
[Site "Internet Chess Club"]
[Date "2015.03.19"]
[Round "3"]
[White "CHENENE"]
[Black "charles-allen"]
[Result "1-0"]
[WhiteElo "2086"]
[BlackElo "1855"]
[Opening "English opening"]
[ECO "A13"]
[Time "09:06:08"]
[TimeControl "2700+45"]

1. c4 e6 2. Nc3 d5 3. e3 c5 4. d4 Nf6 5. Nf3 Nc6 6. Bd3 dxc4 7. Bxc4 a6 8. O-O
b5 9. Bd3 Bb7 10. a4 b4 11. Ne4 Nxe4 12. Bxe4 Qc7 13. h3 cxd4 14. exd4 Ne7 15.
Bxb7 Qxb7 16. Bf4 Nd5 17. Be5 f6 18. Bg3 Be7 19. Qe2 Qd7 20. Rac1 Kf7 21. Rfe1
Bd6 22. Bxd6 Qxd6 23. Qd3 g6 24. Rc5 Rhc8 25. Rec1 Rxc5 26. dxc5 Qc7 27. c6 Ne7
28. Qc4 Rd8 29. Qxb4 Rd6 30. Qb7 Qxb7 31. cxb7 Rb6 32. Rc7 e5 33. Nd2 Rxb2 34.
Nc4 Rb1+ 35. Kh2 Ke6 36. a5 Nd5 37. Nb6 Nxc7 38. b8=Q {Black resigns} 1-0

[Event "Team 45 45 League T64"]
[Site "Internet Chess Club"]
[Date "2015.03.21"]
[Round "3"]
[White "LittleButton"]
[Black "PoisonPawn"]
[Result "0-1"]
[WhiteElo "1851"]
[BlackElo "2102"]
[Opening "Queen's pawn game"]
[ECO "A46"]
[Time "08:07:44"]
[TimeControl "2700+45"]

1. d4 Nf6 2. Nf3 e6 3. c3 b6 4. Bg5 h6 5. Bh4 Bb7 6. Nbd2 d6 7. e3 g5 8. Bg3 Nh5
9. Bd3 Nd7 10. Qe2 a6 11. Be4 Qc8 12. Bd3 Bg7 13. Ne4 f5 14. Ned2 Ndf6 15. Nc4
Qd8 16. O-O-O Qe7 17. Ne1 Nxg3 18. hxg3 O-O 19. f3 Bc6 20. Bc2 Rad8 21. Nd3 h5
22. Nd2 g4 23. Nf4 Qf7 24. Qc4 Bd5 25. Nxd5 Nxd5 26. Qd3 Bh6 27. f4 Ne7 28. Rh2
Nd5 29. Rdh1 Nf6 30. e4 e5 31. fxe5 Nxe4 32. Rxh5 Bxd2+ 33. Qxd2 Nxd2 34. Rh8+
Kg7 35. R8h7+ Kg6 36. Rxf7 Rxf7 37. Kxd2 dxe5 38. Ke3 exd4+ 39. cxd4 Re7+ 40.
Kd3 c5 41. Rf1 Rxd4+ 42. Kc3 Re3+ {White resigns} 0-1

[Event "Team 45 45 League T64"]
[Site "Internet Chess Club"]
[Date "2015.03.20"]
[Round "3"]
[White "infiniteshug"]
[Black "Zkid"]
[Result "0-1"]
[WhiteElo "2199"]
[BlackElo "2296"]
[Opening "French: King's Indian attack"]
[ECO "C00"]
[Time "18:00:32"]
[TimeControl "2700+45"]

1. e4 e6 2. d3 d5 3. Nd2 Nf6 4. Ngf3 Nc6 5. c3 Bd6 6. Be2 e5 7. O-O O-O 8. b4 a5
9. b5 Ne7 10. a4 Ng6 11. c4 dxe4 12. Nxe4 Nxe4 13. dxe4 Qe7 14. Be3 Bc5 15. Qb3
f6 16. Rfd1 Be6 17. Ne1 Rfd8 18. Bh5 Nf8 19. Nd3 Bxe3 20. fxe3 Nd7 21. Rac1 b6
22. Qc3 Nc5 23. Qa3 Kf8 24. Nxc5 Qxc5 25. Qxc5+ bxc5 26. Be2 Ke7 27. Kf2 Rxd1
28. Rxd1 Rd8 29. Rxd8 Kxd8 30. g4 Ke7 31. Kg3 c6 32. bxc6 Kd6 33. h3 Kxc6 34.
Kg2 Kd6 35. Kg3 Ke7 36. Kh4 Bd7 37. Bd1 Kf7 38. Kg3 Kg6 39. Kh4 Kh6 40. Kg3 Kg5
41. Bc2 Bc6 42. h4+ Kg6 43. Kg2 h5 44. Kg3 Kh6 45. gxh5 Bd7 46. Bb3 Be6 47. Kf2
Kxh5 48. Kg3 Bg4 49. Bc2 Be2 50. Bb3 Bd3 51. Kh3 Bxe4 52. Kg3 Kg6 53. Kh2 Kf5
54. Kh3 Bb1 55. Kg3 Ke4 56. Kf2 Kd3 57. Kf3 Kc3 58. Bd1 Kxc4 {White resigns} 0-1